 Dungeon Crawl Stone Soup version 0.29.1-2-gbd0b4ee654 (webtiles) character file.

Game seed: 1162867392460032392

43051 sanboga the Brawler (level 13, -13/116 HPs)
             Began as a Demonspawn Berserker on Nov 29, 2022.
             Was a High Priest of Trog.
             Mangled by a white ugly thing (35 damage)
             ... on level 14 of the Dungeon.
             The game lasted 00:23:10 (17772 turns).

sanboga the Brawler (Demonspawn Berserker)         Turns: 17772, Time: 00:23:11

Health: -13/116    AC: 24    Str: 28    XL:     13   Next: 88%
Magic:  13/13      EV:  8    Int: 10    God:    Trog [*****.]
Gold:   1085       SH:  5    Dex: 12    Spells: 12/12 levels left

rFire   . . .      SeeInvis .     - Unarmed
rCold   . . .      Faith    .   (no shield)
rNeg    . . .      Spirit   .   f - +0 plate armour
rPois   +          Reflect  +   h - +2 helmet
rElec   .          Harm     .   (cloak unavailable)
rCorr   .          Rampage  .   l - +0 pair of gloves
Will    .....                   g - +0 pair of boots
Stlth   ..........              m - amulet of reflection
HPRegen 0.29/turn               x - +6 ring of strength
MPRegen 0.13/turn               A - ring of poison resistance

@: about to teleport, on berserk cooldown, slowed, very slow
A: rugged brown scales 3, spiny 2, weakness stinger 3
a: Renounce Religion, Berserk, Trog's Hand, Brothers in Arms


You were on level 14 of the Dungeon.
You worshipped Trog.
Trog was extremely pleased with you.
You visited 1 branch of the dungeon, and saw 15 of its levels.

You collected 1109 gold pieces.
You spent 24 gold pieces at shops.

Inventory:

Hand Weapons
 C - a +4 scimitar of flaming
Armour
 f - a +0 plate armour (worn)
 g - a +0 pair of boots (worn)
 h - a +2 helmet (worn)
 l - a +0 pair of gloves (worn)
Jewellery
 m - an amulet of reflection (around neck)
 u - a ring of protection from cold
 x - a +6 ring of strength (left hand)
 y - a ring of protection from cold
 A - a ring of poison resistance (right hand)
Wands
 a - a wand of polymorph (5)
 b - a wand of digging (6)
 t - a wand of quicksilver (5)
 v - a wand of roots (8)
 w - a wand of paralysis (8)
Scrolls
 c - a scroll of summoning
 d - a scroll of silence
 i - 2 scrolls of magic mapping
 j - 5 scrolls of teleportation
 k - a scroll of blinking
 o - a scroll of fog
 B - a scroll of enchant armour
 E - a scroll of identify
Potions
 e - a potion of heal wounds
 n - a potion of flight
 p - 4 potions of haste {unknown}
 q - 3 potions of curing
 r - 4 potions of ambrosia
 s - 3 potions of mutation
 z - 4 potions of might {unknown}
 D - a potion of cancellation {unknown}


   Skills:
 + Level 12.7 Fighting
 + Level 11.5 Armour
 - Level 1.7 Dodging
 * Level 16.0 Unarmed Combat


You had 12 spell levels left.
You didn't know any spells.
Your spell library was empty.

Dungeon Overview and Level Annotations

Branches:
Dungeon (15/15)            Temple (0/1) D:6            Lair (0/5) D:11
    Orc (0/2) D:10
 Vaults: D:13-14     Depths: D:15

Altars:
Ashenzari
Gozag
Uskayaw
Wu Jian
Xom
Yredelemnul

Shops:
D:5 (   D:12 *[   D:13 **

Annotations:
D:12 3 runed translucent doors, exclusion: obsidian statue, SirBarden's ghost, journeyman FoFi
D:14 19 runed doors


Innate Abilities, Weirdness & Mutations

You are completely covered in rugged brown scales. (AC +3, +7% HP)
You are mostly covered in sharp spines.
You have a sharp stinger which inflicts weakening toxins.


Message History

The skeletal warrior is struck by your spines.
The skeletal warrior closely misses you.
The red ugly thing claws you but does no damage.
You pummel the skeletal warrior!!
The skeletal warrior is almost destroyed.
You hear a shout!
The skeletal warrior barely misses you.
The red ugly thing is struck by your spines.
The red ugly thing claws you.
You are engulfed in flames!!
You hit the skeletal warrior but do no damage.
Your tail-slap misses the skeletal warrior.
The skeletal warrior is almost destroyed.
A vault guard comes into view. It is wielding a +1 great sword.
The skeletal warrior hits you with a +2 vorpal battleaxe.
The red ugly thing claws you but does no damage.
You punch the skeletal warrior!
You destroy the skeletal warrior!
Trog accepts your kill.
The red ugly thing is struck by your spines.
The red ugly thing claws you.
You are engulfed in flames!
The white ugly thing is struck by your spines.
The white ugly thing engulfs you but does no damage.
Your Unarmed Combat skill increases to level 16!
You pummel the red ugly thing!! You punch the red ugly thing.
The red ugly thing is severely wounded.
A vault guard comes into view. It is wielding a +0 long sword.
The red ugly thing basks in the mutagenic energy from its kin and changes!
The white ugly thing is struck by your spines.
The white ugly thing engulfs you but does no damage.
As you read the scroll of teleportation, it crumbles to dust.
You feel strangely unstable.
The white ugly thing is struck by your spines.
The white ugly thing engulfs you! The white ugly thing freezes you!!
* * * LOW HITPOINT WARNING * * *
A vault guard comes into view. It is wielding a +0 battleaxe.
The white ugly thing attacks as you move away!
The white ugly thing tail-slaps you.
* * * LOW HITPOINT WARNING * * *
The white ugly thing freezes you!!
You die...

##............#
###..
#............##
#............#
#...........##
#.....)....##
#..........# ##
##.........# ..
#.......#.## .#
###....###@#..#
##..## #uu..#
#### #..p..#
#.#....p.. #.
##..... ..
#.... #.# #..#
.. ### ...


You could see 2 vault guards and 2 ugly things.

Vanquished Creatures
  2 slime creatures (D:12)
  Josephine (D:13)
  Erolcha (D:12)
  A vault guard (D:14)
  4 hydras
  3 boulder beetles
  Erica (D:9)
  5 centaur warriors
  2 tengu warriors (D:11)
  4 two-headed ogres
  A sun demon (D:13)
  4 skeletal warriors
  Pikel (D:4)
  An orc knight (D:11)
  13 ugly things
  A deep elf pyromancer (D:14)
  A salamander (shapeshifter) (D:15)
  7 cyclopes
  A moth of wrath (shapeshifter) (D:11)
  A rust devil (D:13)
  Joseph (D:8)
  2 gargoyles
  4 unseen horrors
  3 kobold demonologists (D:12)
  2 komodo dragons
  2 efreet
  A freezing wraith (D:15)
  A queen bee (D:13)
  4 trolls
  3 meliai
  A hornet (D:8)
  Grinder (D:5)
  A hornet (shapeshifter) (D:14)
  Sigmund (D:6)
  2 vampires
  A shadow (D:11)
  A hog (shapeshifter) (D:13)
  A wyvern (D:6)
  6 wraiths
  A neqoxec (D:13)
  A water elemental (D:13)
  9 yaks
  A basilisk (D:11)
  2 vampire mosquitoes (D:11)
  3 steam dragons
  3 acid dragons
  Menkaure (D:6)
  A water moccasin (D:8)
  Duvessa (D:6)
  3 ice beasts
  3 orc warriors
  A sky beast (D:6)
  2 ogres
  A black bear (D:5)
  8 centaurs
  A phantom (D:5)
  4 kobold brigands
  A bullfrog (D:8)
  A necrophage (D:5)
  A gnoll sergeant (D:5)
  2 scorpions
  Dowan (D:6)
  29 killer bees
  8 howler monkeys
  3 orc priests
  4 hounds
  3 jellies
  Crazy Yiuf (D:6)
  2 gnoll boudas
  5 iguanas
  6 orc wizards
  Robin (D:4)
  11 gnolls
  12 adders
  2 white imps
  2 ufetubi
  4 worms
  2 dart slugs
  25 orcs
  8 ball pythons
  6 bats
  7 endoplasms
  A giant cockroach (D:2)
  15 goblins
  10 hobgoblins
  4 jackals (D:3)
  A quokka (D:2)
  A frilled lizard (D:2)
  16 kobolds
  7 rats
  A butterfly (D:3)
342 creatures vanquished.

Vanquished Creatures (collateral kills)
  A centaur simulacrum (D:11)
1 creature vanquished.

Vanquished Creatures (others)
  A shadow imp (D:8)
  A kobold (D:8)
  6 demonic plants (D:13)
  70 plants
78 creatures vanquished.

Grand Total: 421 creatures vanquished

Notes
Turn   | Place    | Note
-------+----------+-------------------------------------------
     0 | D:1      | sanboga the Demonspawn Berserker began the quest for the
                  | Orb.
     0 | D:1      | Reached XP level 1. HP: 18/18 MP: 1/1
   476 | D:1      | Reached skill level 3 in Unarmed Combat
   479 | D:1      | Gained mutation: You have a small tail. [demonic ancestry]
   479 | D:1      | Reached XP level 2. HP: 22/24 MP: 2/2
  1355 | D:2      | Gained mutation: You are partially covered in rugged brown
                  | scales. (AC +1, +3% HP) [demonic ancestry]
  1355 | D:2      | Reached XP level 3. HP: 15/29 MP: 3/3
  1666 | D:2      | Reached ** piety under Trog
  2081 | D:2      | Reached XP level 4. HP: 36/36 MP: 4/4
  2867 | D:3      | Found a shimmering altar of Xom.
  2915 | D:3      | Found a faded altar of an unknown god.
  2967 | D:3      | Found an ornate altar of the Wu Jian Council.
  3013 | D:4      | Reached skill level 4 in Unarmed Combat
  3016 | D:4      | Gained mutation: You have a tail ending in a sharp stinger.
                  | [demonic ancestry]
  3016 | D:4      | Reached XP level 5. HP: 26/43 MP: 5/5
  3300 | D:4      | Noticed Pikel
  3308 | D:4      | Noticed a lemure
  3315 | D:4      | Killed Pikel
  3316 | D:4      | Reached skill level 5 in Unarmed Combat
  3316 | D:4      | Reached XP level 6. HP: 49/51 MP: 6/6
  3316 | D:4      | Reached XP level 7. HP: 54/56 MP: 7/7
  3506 | D:4      | Noticed Robin
  3507 | D:4      | Reached *** piety under Trog
  3532 | D:4      | Killed Robin
  3533 | D:4      | Reached skill level 5 in Fighting
  3535 | D:4      | Reached skill level 6 in Unarmed Combat
  4483 | D:5      | Entered Level 5 of the Dungeon
  4499 | D:5      | Gained mutation: You are partially covered in sharp spines.
                  | [demonic ancestry]
  4499 | D:5      | Reached XP level 8. HP: 54/64 MP: 8/8
  4516 | D:5      | Reached skill level 7 in Unarmed Combat
  4625 | D:5      | Reached skill level 5 in Armour
  4664 | D:5      | Noticed Grinder
  4694 | D:5      | Killed Grinder
  4946 | D:5      | Reached skill level 8 in Unarmed Combat
  4966 | D:5      | Reached **** piety under Trog
  4974 | D:5      | Found Fooreon's Weapon Emporium.
  5226 | D:5      | Gained mutation: You have a sharp stinger which inflicts
                  | weakening toxins. [demonic ancestry]
  5226 | D:5      | Reached XP level 9. HP: 63/73 MP: 9/9
  5781 | D:6      | Noticed Menkaure
  5786 | D:6      | Killed Menkaure
  5804 | D:6      | Noticed Sigmund
  5812 | D:6      | Reached skill level 9 in Unarmed Combat
  5819 | D:6      | Killed Sigmund
  6153 | D:6      | Found a staircase to the Ecumenical Temple.
  6271 | D:6      | Noticed Dowan
  6274 | D:6      | Noticed Duvessa
  6277 | D:6      | Killed Dowan
  6282 | D:6      | Killed Duvessa
  6474 | D:6      | Found a runed translucent door.
  6475 | D:6      | Noticed Crazy Yiuf
  6526 | D:6      | Found a basalt altar of Yredelemnul.
  6583 | D:6      | Found a broken altar of Ashenzari.
  6916 | D:6      | Killed Crazy Yiuf
  7619 | D:8      | Gained mutation: You are mostly covered in rugged brown
                  | scales. (AC +2, +5% HP) [demonic ancestry]
  7619 | D:8      | Reached XP level 10. HP: 50/84 MP: 10/10
  7667 | D:8      | Noticed Joseph
  7691 | D:8      | Killed Joseph
  7692 | D:8      | Reached skill level 10 in Unarmed Combat
  8117 | D:8      | Identified the +5 ring mail of Gozag's Delight {rElec Str-5
                  | Dex+5 SInv}
  8507 | D:9      | Noticed Erica
  8517 | D:9      | Killed Erica
  9293 | D:10     | Entered Level 10 of the Dungeon
  9929 | D:10     | Reached skill level 11 in Unarmed Combat
 10026 | D:10     | Noticed a two-headed ogre
 10038 | D:10     | Killed a two-headed ogre
 10039 | D:10     | Gained mutation: You are completely covered in rugged brown
                  | scales. (AC +3, +7% HP) [demonic ancestry]
 10039 | D:10     | Reached XP level 11. HP: 95/95 MP: 11/11
 10194 | D:10     | Found a hide-covered altar of Uskayaw.
 10360 | D:10     | Found a staircase to the Orcish Mines.
 10420 | D:11     | Noticed a two-headed ogre
 10435 | D:11     | Killed a two-headed ogre
 10525 | D:11     | Noticed a boulder beetle
 10525 | D:11     | Noticed a skeletal warrior
 10534 | D:11     | Killed a skeletal warrior
 10542 | D:11     | Killed a boulder beetle
 10624 | D:11     | Noticed a two-headed ogre
 10634 | D:11     | Killed a two-headed ogre
 10635 | D:11     | Reached skill level 12 in Unarmed Combat
 11023 | D:11     | Reached ***** piety under Trog
 11079 | D:11     | Noticed an orb spider
 11086 | D:11     | an orb spider changed into a moth of wrath
 11154 | D:11     | Reached skill level 10 in Fighting
 11368 | D:11     | Noticed a seven-headed hydra
 11368 | D:11     | Noticed an orc knight
 11372 | D:11     | Noticed a tengu warrior
 11378 | D:11     | Killed a four-headed hydra
 11387 | D:11     | Killed a tengu warrior
 11388 | D:11     | Reached skill level 13 in Unarmed Combat
 11390 | D:11     | Reached XP level 12. HP: 20/104 MP: 12/12
 11783 | D:11     | Noticed a two-headed ogre
 11791 | D:11     | Killed a two-headed ogre
 11846 | D:11     | Noticed a four-headed hydra
 11856 | D:11     | Killed a one-headed hydra
 11952 | D:11     | Noticed a tengu warrior
 11967 | D:11     | Killed a tengu warrior
 12320 | D:11     | Found a staircase to the Lair.
 13616 | D:12     | Found Puschumopp's Armour Shoppe.
 14004 | D:12     | Noticed Erolcha
 14010 | D:12     | Killed Erolcha
 14011 | D:12     | Reached skill level 10 in Armour
 14017 | D:12     | Reached skill level 14 in Unarmed Combat
 14154 | D:12     | Received a gift from Trog
 14274 | D:12     | Found a runed translucent gate.
 14274 | D:12     | Found a runed translucent gate.
 14274 | D:12     | Found a runed translucent gate.
 14274 | D:12     | Found an opulent altar of Gozag.
 14276 | D:12     | Noticed SirBarden's ghost (journeyman FoFi)
 14276 | D:12     | Noticed a storm dragon
 14278 | D:12     | Found Hesmilok's Assorted Antiques.
 14283 | D:12     | Identified the +4 long sword of Pumaini {elec, Dex+2
                  | Stlth+}
 15090 | D:13     | Noticed Josephine
 15100 | D:13     | Killed Josephine
 15215 | D:13     | Noticed a centaur warrior
 15221 | D:13     | Killed a centaur warrior
 15225 | D:13     | Found Cogg's Specific Store.
 15229 | D:13     | Found Sydo's General Store.
 15237 | D:13     | Bought a scroll of identify for 24 gold pieces
 15280 | D:13     | Gained mutation: You are mostly covered in sharp spines.
                  | [demonic ancestry]
 15280 | D:13     | Reached XP level 13. HP: 113/113 MP: 13/13
 15978 | D:13     | You fall into a shaft and drop 2 floors!
 15978 | D:15     | Entered Level 15 of the Dungeon
 16009 | D:15     | Reached skill level 15 in Unarmed Combat
 17404 | D:14     | Found a huge runed gate.
 17404 | D:14     | Found a huge runed gate.
 17405 | D:14     | Found a huge runed gate.
 17405 | D:14     | Found a huge runed gate.
 17408 | D:14     | Found a huge runed gate.
 17409 | D:14     | Found a huge runed gate.
 17409 | D:14     | Found a huge runed gate.
 17411 | D:14     | Found a huge runed gate.
 17412 | D:14     | Found a huge runed gate.
 17413 | D:14     | Found a huge runed gate.
 17422 | D:14     | Found a huge runed gate.
 17422 | D:14     | Found a huge runed gate.
 17422 | D:14     | Found a huge runed gate.
 17422 | D:14     | Found a huge runed gate.
 17422 | D:14     | Found a huge runed gate.
 17422 | D:14     | Found a huge runed gate.
 17423 | D:14     | Found a huge runed gate.
 17434 | D:14     | Found a huge runed gate.
 17435 | D:14     | Found a huge runed gate.
 17735 | D:14     | Paralysed by a hornet for 2 turns
 17770 | D:14     | Reached skill level 16 in Unarmed Combat
 17772 | D:14     | Mangled by a white ugly thing

Illustrated notes

Levels and vault maps discovered:
D:1:      beargit_arrival_greenhouse, layout_loops_corners, kennysheep_boxes
D:2:      layout_basic, minmay_misc_feat_four_crosses, minmay_diced_spiral
D:3:      layout_loops_ring, pdpol_wu_jian_five_deadly_venoms, xom_butterflies,
          hellmonk_ecumenical_altar_prayer_group
D:4:      layout_loops_corners, mainiacjoe_overflow_concentric_impassable,
          uniq_robin, uniq_pikel
D:5:      layout_rooms, serial_shops, kennysheep_mini_moat, grunt_ministairs_10,
          uniq_grinder
D:6:      layout_basic, lemuel_coloured_pillars_altar, amcnicky_altar_gilded,
          minmay_temple_entry_crystal_x, hex_intersection, uniq_menkaure,
          uniq_sigmund, uniq_crazy_yiuf_cottage, uniq_duvessa
D:7:      layout_basic, tso_oasis_becter
D:8:      layout_loops_ring, grunt_ministairs_10, uniq_joseph
D:9:      layout_roguey, uniq_erica
D:10:     hellmonk_ruined_rings, layout_cave_pools, nicolae_uskayaw_suspiria
D:11:     minmay_the_grid_3x3 [minmay_the_grid_outer_diamond,
          minmay_the_grid_paths, minmay_the_grid_doors, minmay_the_grid_empty,
          minmay_the_grid_garden, minmay_the_grid_minigrid_medium,
          minmay_the_grid_minigrid_large, minmay_the_grid_gridbox,
          minmay_the_grid_prize_four_corners], layout_cave_pods,
          lair_entry_dummy, gauntlet_entry_generic, minmay_misc_feat_pillars
D:12:     layout_loops_corners, serial_shops, nicolae_diamond_shop,
          ebering_ghost_gozag, elyvilon_altar_4, uniq_erolcha
D:13:     layout_roguey [special_room_bee], serial_demonic, serial_demonic_e,
          serial_demonic_g, serial_demonic_e, serial_demonic_c, enter_trove_6,
          nicolae_specific_store, serial_bayou_pond_b, uniq_josephine
D:14:     layout_cave_pods, erik_vaults_2, minmay_door_square,
          hangedman_abyss_or_decor_stabs, not_door_vault_mu
D:15:     gammafunk_enter_depths_forms, layout_basic,
          gammafunk_ghost_hydra_chop, chequers_arboretum,
          minmay_tree_intersection

Skill      XL: |  1  2  3  4  5  6  7  8  9 10 11 12 13 |
---------------+----------------------------------------+-----
Unarmed Combat | 3 4 5 6 8 9 11 13 14 16 | 16.0
Armour         | 2 3 4 5 6 8 9 10 11 | 11.5
Fighting       | 4 5 6 7 9 10 11 12 | 12.7
Dodging        | |  1.7

Action                   |  1- 3 |  4- 6 |  7- 9 | 10-12 | 13-15 || total
-------------------------+-------+-------+-------+-------+-------++-------
Melee: Unarmed           |   120 |    92 |   365 |   410 |   193 ||  1180
       Punch             |     1 |       |    17 |    41 |    22 ||    81
       Tailslap          |     8 |     9 |    52 |    75 |    41 ||   185
       Scimitar          |       |       |       |    13 |     9 ||    22
Invok: Berserk           |     1 |     2 |     4 |     9 |     4 ||    20
Evoke: Wand              |       |       |       |     1 |       ||     1
  Use: Scroll            |       |     1 |    11 |    15 |     2 ||    29
       Potion            |       |       |     1 |     1 |       ||     2
 Stab: Confused          |       |       |       |     1 |       ||     1
Armor: Animal skin       |     6 |       |       |       |       ||     6
       Chain mail        |    47 |    61 |   179 |   158 |       ||   445
       Skin              |       |       |       |     2 |       ||     2
       Plate armour      |       |       |       |    60 |   118 ||   178
Dodge: Dodged            |    50 |    41 |   131 |   124 |    55 ||   401
Block: Other             |       |    14 |    61 |    94 |    34 ||   203
       Reflection        |       |       |       |     6 |     3 ||     9
